 Dungeon Crawl Stone Soup version 0.20.0-15-g7f486f2 (webtiles) character file.

104853 Inarius the Earth Mage (level 16, -7/93 HPs)
             Began as a Gargoyle Earth Elementalist on June 26, 2017.
             Was the Champion of Hepliaklqana.
             Hit by a large rock thrown by Polyphemus (20 damage)
             ... on level 2 of the Shoals.
             The game lasted 02:31:27 (37188 turns).

Inarius the Earth Mage (GrEE)                      Turns: 37188, Time: 02:31:28

Health: -7/93      AC: 36    Str: 12    XL:     16   Next: 39%
Magic:  7/30       EV: 12    Int: 26    God:    Hepliaklqana [******]
Gold:   1639       SH: 11    Dex: 15    Spells: 3/35 levels left

rFire    . . .     SeeInvis .   b - +7 morningstar (crush)
rCold    + + .     Gourm    .   P - +1 shield {reflect}
rNeg     + . .     Faith    .   w - +2 ring mail "Jurph" {+Blink MR+ Int+3 Dex+3}
rPois    ∞         Spirit   .   V - +2 hat
rElec    +         Reflect  +   S - +2 cloak {rC+}
rCorr    .         Harm     .   u - +0 pair of gloves
MR       +++..                  E - +2 pair of boots
Stlth    ++........             (no amulet)
Regen    0.3/turn               J - ring of protection from cold
MPRegen  0.3/turn               F - +5 ring of protection

@: very slightly contaminated, studying Ice Magic
A: reduced essence, big wings, hooves 1, iridescent scales 1, thin skeletal
structure 1, blink, magic resistance 1, negative energy resistance 1,
electricity resistance, unbreathing, petrification resistance, rot immunity, AC
+11
a: Fly, Blink, Recall Ancestor, Ancestor Identity, Transference, Idealise,
Renounce Religion, Evoke Blink


You were on level 2 of the Shoals.
You worshipped Hepliaklqana.
Hepliaklqana was exalted by your worship.
You were not hungry.

You visited 5 branches of the dungeon, and saw 23 of its levels.
You also visited: Sewer and Ice Cave.

You collected 2163 gold pieces.
You spent 524 gold pieces at shops.

Inventory:

Hand Weapons
 a - the +8 hand axe "Dragonbane" {flame, rF++ Int+3 SInv}
   (You bought it in a shop on level 2 of the Orcish Mines)

   It has been specially enchanted to burn those struck by it, causing extra
   injury to most foes and up to half again as much damage against particularly
   susceptible opponents.
   Big, fiery blades are also staple armaments of hydra-hunters.
   It affects your intelligence (+3).
   It greatly protects you from fire.
   It lets you see invisible.
 b - a +7 morningstar of crushing (weapon)
Armour
 u - a +0 pair of gloves (worn)
 w - the +2 ring mail "Jurph" (worn) {+Blink MR+ Int+3 Dex+3}
   (You found it on level 4 of the Dungeon)

   It affects your intelligence (+3).
   It affects your dexterity (+3).
   It affects your resistance to hostile enchantments.
   It lets you blink.
 E - a +2 pair of boots (worn)
 P - a +1 shield of reflection (worn)
 S - a +2 cloak of cold resistance (worn)
 V - a +2 hat (worn)
Jewellery
 k - the ring "Onathriept" {+Fly rElec Dex+2}
   (You took it off a merfolk on level 2 of the Shoals)

   [ring of flight]

   It affects your dexterity (+2).
   It insulates you from electricity.
   It lets you fly.
 F - a +5 ring of protection (right hand)
 I - an uncursed ring of see invisible
 J - a ring of protection from cold (left hand)
 Q - an uncursed ring of protection from fire
 U - an uncursed ring of ice
Wands
 h - a wand of digging (12/24)
 i - a wand of polymorph (17/24)
 t - a wand of flame (34/48)
 y - a wand of lightning (13/15)
 D - a wand of iceblast (5/15)
 R - a wand of acid (4/15)
 X - a wand of disintegration (10/24)
Scrolls
 l - 2 scrolls of fear
 n - 8 scrolls of remove curse
 o - 4 scrolls of magic mapping
 s - 3 scrolls of blinking
 x - 11 scrolls of teleportation
 B - 2 scrolls of identify
 N - 3 scrolls of fog
 O - 3 scrolls of recharging
 W - 3 scrolls of amnesia
 Y - a scroll of immolation
 Z - a scroll of summoning
Potions
 c - a potion of invisibility
 f - 4 potions of brilliance
 g - 2 potions of agility
 j - 13 potions of curing
 m - 2 potions of heal wounds
 q - 3 potions of might
 z - a potion of mutation
 A - 2 potions of haste
 K - a potion of berserk rage
 L - 3 potions of ambrosia
Books
 e - a manual of Ice Magic
 v - a book of Frost

   Spells                             Type                      Level
   a - Freeze                         Ice                          1
   b - Throw Frost                    Conjuration/Ice              2
   c - Ozocubu's Armour               Charms/Ice                   3
   d - Throw Icicle                   Conjuration/Ice              4
   e - Summon Ice Beast               Ice/Summoning                4
 C - a manual of Ice Magic
 M - a book of Power

   Spells                             Type                      Level
   a - Iskenderun's Battlesphere      Conjuration/Charms           5
   b - Venom Bolt                     Conjuration/Poison           5
   c - Bolt of Magma                  Conjuration/Fire/Earth       5
   d - Iron Shot                      Conjuration/Earth            6
   e - Orb of Destruction             Conjuration                  7
   f - Spellforged Servitor           Conjuration/Summoning        7
 T - a book of Debilitation

   Spells                             Type                      Level
   a - Corona                         Hexes                        1
   b - Slow                           Hexes                        2
   c - Inner Flame                    Hexes/Fire                   3
   d - Portal Projectile              Hexes/Translocation          3
   e - Cause Fear                     Hexes                        4
   f - Leda's Liquefaction            Hexes/Earth                  4
Miscellaneous
 r - a phial of floods
Comestibles
 d - 6 bread rations
 p - 16 royal jellies
 G - 6 meat rations
 H - 3 chunks of flesh


   Skills:
 - Level 13.0 Fighting
 - Level 7.0 Armour
 - Level 5.6 Dodging
 - Level 2.1 Stealth
 - Level 6.1 Shields
 - Level 0.2 Unarmed Combat
 + Level 10.0 Spellcasting
 + Level 12.5 Conjurations
 + Level 6.5 Transmutations
 - Level 4.6 Ice Magic
 + Level 16.7 Earth Magic
 - Level 6.0 Invocations
 - Level 5.3 Evocations


You had 3 spell levels left.
You knew the following spells:

 Your Spells              Type           Power        Failure   Level  Hunger
a - Sandblast             Erth           ######       1%          1    None
b - Stone Arrow           Conj/Erth      ######       1%          3    None
c - Passwall              Tmut/Erth      ######....   1%          2    None
d - Petrify               Tmut/Erth      ######..     2%          4    None
e - Lee's Rapid Deconstr  Erth           #######...   1%          5    ####...
f - Iron Shot             Conj/Erth      ######....   11%         6    #####..
g - Throw Icicle          Conj/Ice       ######..     9%          4    None
h - Orb of Destruction    Conj           ######....   82%         7    #######


Dungeon Overview and Level Annotations

Branches:
Dungeon (12/15)            Temple (1/1) D:5            Lair (6/6) D:10
 Shoals (2/4) Lair:4        Snake (0/4) Lair:4        Slime (0/5) Lair:6
    Orc (2/2) D:12            Elf (0/3) Orc:2

Altars:
Ashenzari
Elyvilon
Gozag
Hepliaklqana
Makhleb
Nemelex Xobeh
Qazlal
Sif Muna
Uskayaw
Vehumet
Xom
Zin
The Shining One
Beogh
Jiyva

Shops:
D:6 :!   D:11 !   D:12 %   Orc:2 ((([

Portals:
Trove: D:11 (give +3 storm dragon scales)

Annotations:
Lair:6 exclusion: oklob plant
Shoals:2 Polyphemus


Innate Abilities, Weirdness & Mutations

You are resistant to torment.
Your stone body is resilient. (AC +11)
You are immune to poison.
Your large and strong wings let you fly indefinitely.
You resist negative energy. (rN+)
You are resistant to electric shocks. (rElec)
You can survive without breathing.
You are immune to petrification.
You are immune to rotting.
Your life essence is reduced. (-10% HP)
You have large cloven feet.
You are partially covered in iridescent scales. (AC +2)
You have a somewhat thin skeletal structure. (Dex +2, Stealth)
You can translocate small distances at will.
You are resistant to hostile enchantments. (MR+)


Message History

Aiming: Iron Shot
Press: ? - help, Shift-Dir - straight line, f/p - Polyphemus
Aim: Polyphemus (heavily wounded)
You miscast Iron Shot.
You are very lightly contaminated with residual magic.
Your skin glows momentarily.
Onaxys hits Polyphemus with a broad axe of flaming!
Onaxys burns Polyphemus.
Polyphemus throws a large rock.
The large rock hits you!!
* * * LOW HITPOINT WARNING * * *
Casting: Iron Shot
Confirm with . or Enter, or press ? or * to list all spells.
Aiming: Iron Shot
Press: ? - help, Shift-Dir - straight line, f/p - Polyphemus
Aim: Polyphemus (severely wounded)
You miscast Iron Shot.
Smoke pours from your hands!
Onaxys hits Polyphemus with a broad axe of flaming!
Onaxys burns Polyphemus.
Polyphemus throws a large rock.
The large rock hits you!!
You die...

≈≈≈≈≈≈≈≈≈≈≈≈........##...##...≈≈≈
≈≈≈≈≈≈≈≈≈≈≈....##...........#..≈≈
≈≈≈≈≈≈≈≈≈≈≈....###...≈≈....##..≈≈
≈≈≈≈≈≈≈≈≈≈≈≈...###...≈.#.≈.###.≈≈
≈≈≈≈≈≈≈≈..≈≈≈....#.....#.≈≈≈≈....
≈≈≈≈≈≈≈≈≈≈≈)(≈≈....≈......≈≈≈≈≈≈.
≈≈≈≈≈≈≈≈≈≈≈.(≈....R.≈..≈≈≈.≈≈...≈
≈≈≈.≈≈≈≈≈≈.#.(.§§§C.≈...≈≈.≈....≈
≈≈≈≈≈≈≈≈≈≈###..§@§.#...#.≈≈≈.....
≈≈≈≈≈≈≈≈≈≈..(..§§§##..##.≈≈≈..###
≈≈≈≈≈≈≈≈≈.....§....<.....≈≈...# #
..≈≈≈≈≈≈≈.........###.........###
..≈≈≈≈≈≈≈≈≈.###...##.....≈.....#.
..≈≈≈≈≈≈≈≈≈.# #..........≈....[..
..≈≈≈≈≈≈≈≈).# #....≈......≈......
....≈≈≈≈≈≈≈.....>.≈≈≈..≈..≈≈≈≈...
.....≈≈≈≈≈........≈≈...≈..≈≈≈≈...


You could see the friendly Onaxys the knight and Polyphemus.

Vanquished Creatures
  Donald (Lair:4)
  An ettin (Orc:1)
  A merfolk javelineer (Shoals:2)
  2 merfolk impalers
  5 hydras
  A catoblepas (Shoals:2)
  2 two-headed ogres
  A centaur warrior (D:11)
  A death knight (D:12)
  5 death yaks
  A merfolk avatar (Lair:6)
  The ghost of Trampli the Whirler, a novice HaHu of Okawaru (Orc:1)
  2 sea snakes
  A slime creature (D:11)
  A deep elf mage (D:11)
  A necromancer (IceCv)
  5 orc knights
  2 harpies
  A manticore (Shoals:2)
  4 orc sorcerers
  3 cyclopes
  An ugly thing (D:11)
  Maurice (D:8)
  4 merfolk sirens
  2 black mambas
  9 elephants
  A gargoyle (D:11)
  An ice statue (IceCv)
  4 spiny frogs
  5 rime drakes
  6 komodo dragons
  10 freezing wraiths (IceCv)
  A tengu conjurer (D:12)
  The ghost of Britaniac the Magician, a novice GrEE (D:3)
  9 merfolk
  A troll (D:9)
  2 wind drakes
  4 polar bears
  A hornet (Lair:5)
  3 dream sheep (Shoals:1)
  11 hippogriffs
  2 snapping turtles (Shoals:1)
  Sigmund (D:2)
  A spriggan (Lair:2)
  A water elemental (Shoals:1)
  4 wyverns
  20 yaks
  A death yak simulacrum (IceCv)
  A basilisk (Lair:6)
  2 nagas (Lair:4)
  A warg (Orc:2)
  3 porcupines
  11 water moccasins
  3 black bears
  22 orc warriors
  6 ice beasts
  2 necrophages
  5 sky beasts
  4 phantoms
  11 wolves
  10 ogres
  10 centaurs
  8 crocodiles
  Blork the orc (D:4)
  3 big kobolds (Sewer)
  6 bullfrogs
  3 wyvern zombies
  A wyvern skeleton (D:11)
  A knight (IceCv)
  4 scorpions
  5 killer bees
  An elephant simulacrum (IceCv)
  7 howler monkeys
  9 wights
  2 electric eels (Lair:6)
  3 crimson imps
  A centaur zombie (D:5)
  A draconian simulacrum (IceCv)
  6 hounds
  7 jellies
  19 orc wizards
  19 orc priests
  A bullfrog skeleton (D:10)
  Ijyb (D:5)
  An iguana (D:7)
  2 spriggan simulacra (IceCv)
  9 worker ants
  4 troll simulacra (IceCv)
  2 centaur simulacra (IceCv)
  An ancestor (D:6)
  8 gnolls
  3 ogre simulacra (IceCv)
  7 adders
  5 naga simulacra (IceCv)
  7 river rats (Sewer)
  2 shadow imps
  11 white imps (IceCv)
  6 oozes
  An adder skeleton (D:7)
  4 worms
  2 dart slugs
  4 leopard geckos
  79 orcs
  10 giant cockroaches
  5 hobgoblins
  9 jackals
  24 kobolds
  6 quokkas
  8 ball pythons
  2 bats (D:2)
  7 frilled lizards
  11 goblins
  A jackal skeleton (D:8)
  A quokka skeleton (D:4)
  A quokka zombie (D:4)
  22 rats
  2 plants
616 creatures vanquished.

Vanquished Creatures (collateral kills)
  An orc warlord (Orc:1)
  Louise (Shoals:1)
  A merfolk impaler (Shoals:1)
  2 hydras
  A merfolk avatar (Shoals:1)
  2 two-headed ogres
  A merfolk aquamancer (Shoals:1)
  2 death yaks
  An orc high priest (Orc:2)
  4 sea snakes
  3 harpies (Shoals:2)
  An ugly thing (D:12)
  An orc sorcerer (Orc:2)
  4 cyclopes
  8 elephants
  3 manticores
  5 merfolk sirens
  3 black mambas
  2 centaur zombies
  2 water nymphs
  5 spiny frogs
  A rime drake (Lair:6)
  A komodo dragon (Lair:1)
  A troll (D:9)
  2 wind drakes (Shoals:1)
  12 merfolk
  2 polar bears
  2 hornets (Lair:6)
  3 hippogriffs
  A slime creature (D:11)
  2 dream sheep
  2 snapping turtles (Shoals:2)
  2 vampires
  A wraith (D:11)
  4 wyverns
  2 water elementals
  10 yaks
  2 hungry ghosts
  A warg (Orc:2)
  8 water moccasins
  2 ice beasts
  8 orc warriors
  2 porcupines
  2 black bears
  2 sky beasts
  An alligator simulacrum (IceCv)
  12 wolves
  3 crocodiles
  3 bullfrogs
  An earth elemental (Orc:2)
  2 scorpions
  A killer bee (D:9)
  2 wights (D:12)
  2 howler monkeys
  A crimson imp (D:11)
  A jelly (Lair:6)
  2 bullfrog skeletons
  6 orc priests
  10 orc wizards
  3 worker ants
  A wolf simulacrum (IceCv)
  A hound zombie (D:7)
  2 gnolls
  An adder (D:7)
  2 naga simulacra (IceCv)
  An ogre simulacrum (IceCv)
  2 shadow imps
  A white imp (IceCv)
  2 oozes
  An adder zombie (D:9)
  27 orcs
  2 giant cockroaches
  A frilled lizard (D:5)
  A fungus (Lair:6)
  3 plants (Lair:6)
226 creatures vanquished.

Vanquished Creatures (others)
  A komodo dragon (Lair:1)
  A polar bear (Lair:6)
  3 wights (D:8)
  7 knights
  An ancestor (D:7)
  17 fungi
  7 plants
  4 tentacles (Shoals:2)
41 creatures vanquished.

Grand Total: 883 creatures vanquished

Notes
Turn   | Place    | Note
-------+----------+-------------------------------------------
     0 | D:1      | Inarius the Gargoyle Earth Elementalist began the quest for the Orb.
     0 | D:1      | Reached XP level 1. HP: 10/10 MP: 3/3
   733 | D:1      | Reached XP level 2. HP: 13/15 MP: 5/5
   937 | D:1      | Reached skill level 4 in Earth Magic
  1827 | D:2      | Reached XP level 3. HP: 19/19 MP: 6/6
  1840 | D:2      | Learned a level 3 spell: Stone Arrow
  2379 | D:2      | Noticed Sigmund
  2485 | D:2      | Reached skill level 1 in Armour
  2938 | D:2      | Reached XP level 4. HP: 24/24 MP: 0/7
  3258 | D:3      | Learned a level 2 spell: Passwall
  3555 | D:3      | Reached skill level 1 in Fighting
  4069 | D:3      | Reached XP level 5. HP: 23/29 MP: 6/8
  4286 | D:3      | Found a white marble altar of Elyvilon.
  4351 | D:3      | Noticed Britaniac's ghost (novice GrEE)
  4417 | D:4      | Reached skill level 1 in Conjurations
  4443 | D:4      | Found a glowing drain.
  4483 | Sewer    | Entered a sewer
  4627 | Sewer    | Noticed a big kobold
  4636 | Sewer    | Killed a big kobold
  4636 | Sewer    | Reached XP level 6. HP: 34/34 MP: 2/9
  4869 | Sewer    | Reached skill level 1 in Transmutations
  4964 | Sewer    | Reached skill level 1 in Evocations
  4970 | Sewer    | Reached XP level 7. HP: 27/40 MP: 1/11
  6320 | D:4      | Got a twisted ring mail
  6473 | D:4      | Identified the +2 ring mail "Jurph" {+Blink MR+ Int+3 Dex+3} (You found it on level 4 of the Dungeon)
  6661 | D:5      | Entered Level 5 of the Dungeon
  6857 | D:2      | Killed Sigmund
  6857 | D:2      | Reached skill level 5 in Earth Magic
  6857 | D:2      | Reached XP level 8. HP: 45/45 MP: 6/13
  7199 | D:3      | Killed Britaniac's ghost
  7199 | D:3      | Reached skill level 5 in Conjurations
  7258 | D:5      | Noticed Blork the orc
  7260 | D:5      | Noticed Ijyb
  7273 | D:4      | Killed Blork the orc
  7509 | D:5      | Killed Ijyb
  7518 | D:5      | Found a staircase to the Ecumenical Temple.
  7596 | Temple   | Entered the Ecumenical Temple
  7616 | Temple   | Became a worshipper of Hepliaklqana the Forgotten
  7718 | D:5      | Learned a level 4 spell: Petrify
  7724 | D:5      | Learned a level 5 spell: Lee's Rapid Deconstruction
  7954 | D:5      | Found a hide-covered altar of Uskayaw.
  8269 | D:6      | Reached XP level 9. HP: 25/45 MP: 13/15
  8315 | D:6      | Gained mutation: You are dopey. (Int -2) [mutagenic meat]
  8316 | D:6      | Gained mutation: You expend magic power (3 MP) to strengthen your wands. [mutagenic meat]
  8317 | D:6      | Gained mutation: You are very dopey. (Int -4) [mutagenic meat]
  8319 | D:6      | Gained mutation: You are surrounded by a mild repulsion field. (EV +2) [mutagenic meat]
  8581 | D:6      | Reached * piety under Hepliaklqana
  8748 | D:6      | Found Axtiogg's Book Boutique.
  9133 | D:6      | Found Panajug's Distillery.
  9221 | D:6      | Bought a potion of heal wounds for 50 gold pieces
  9410 | D:6      | Reached skill level 6 in Earth Magic
  9584 | D:6      | Reached skill level 5 in Spellcasting
  9844 | D:6      | Found a white marble altar of Elyvilon.
  9846 | D:6      | Found a shimmering altar of Xom.
  9846 | D:6      | Found a glowing golden altar of the Shining One.
  9848 | D:6      | Found a white marble altar of Elyvilon.
  9848 | D:6      | Found a shimmering altar of Xom.
  9848 | D:6      | Found a stormy altar of Qazlal.
  9910 | D:7      | Reached skill level 1 in Invocations
 10051 | D:7      | Reached XP level 10. HP: 52/52 MP: 10/17
 10059 | D:7      | Got a jewelled leather armour
 10071 | D:7      | Identified the +3 leather armour "Loly" {+Fly} (You found it on level 7 of the Dungeon)
 10916 | D:7      | Reached ** piety under Hepliaklqana
 10917 | D:7      | Remembered your ancestor Onaxys as a knight
 10966 | D:7      | Reached skill level 5 in Fighting
 11006 | D:7      | Found a hazy altar of Hepliaklqana.
 11288 | D:8      | Noticed Maurice
 11411 | D:8      | Killed Maurice
 11412 | D:8      | Found a burning altar of Makhleb.
 11618 | D:8      | Reached skill level 7 in Earth Magic
 12510 | D:8      | Noticed a two-headed ogre
 12519 | D:8      | Killed a two-headed ogre
 12519 | D:8      | Reached XP level 11. HP: 32/57 MP: 8/20
 12702 | D:8      | Found a deep blue altar of Sif Muna.
 12848 | D:8      | Reached skill level 12 in Earth Magic
 12848 | D:8      | Reached XP level 12. HP: 57/63 MP: 21/21
 12849 | D:8      | Lost mutation: You expend magic power (3 MP) to strengthen your wands. [potion of mutation]
 12849 | D:8      | Lost mutation: You are surrounded by a mild repulsion field. (EV +2) [potion of mutation]
 12849 | D:8      | Lost mutation: You are very dopey. (Int -4) [potion of mutation]
 12849 | D:8      | Lost mutation: You are dopey. (Int -2) [potion of mutation]
 12849 | D:8      | Gained mutation: You are clumsy. (Dex -2) [potion of mutation]
 12849 | D:8      | Gained mutation: You have a somewhat thin skeletal structure. (Dex +2, Stealth) [potion of mutation]
 12854 | D:8      | Identified Sif Muna's Volume of Stones
 13013 | D:9      | Noticed a two-headed ogre
 13028 | D:9      | Killed a two-headed ogre
 13028 | D:9      | Reached skill level 5 in Armour
 13395 | D:9      | Lost mutation: You are clumsy. (Dex -2) [mutagenic meat]
 13396 | D:9      | Gained mutation: You have large cloven feet. [mutagenic meat]
 13397 | D:9      | Gained mutation: You are resistant to hostile enchantments. (MR+) [mutagenic meat]
 13399 | D:9      | Gained mutation: You are partially covered in iridescent scales. (AC +2) [mutagenic meat]
 13400 | D:9      | Gained mutation: You can translocate small distances at will. [mutagenic meat]
 13524 | D:9      | Found a sparkling altar of Nemelex Xobeh.
 13524 | D:9      | Found a burning altar of Makhleb.
 13532 | D:9      | Found a glowing silver altar of Zin.
 13534 | D:9      | Found a faded altar of an unknown god.
 13535 | D:9      | Found a deep blue altar of Sif Muna.
 13848 | D:10     | Entered Level 10 of the Dungeon
 14066 | D:10     | Reached *** piety under Hepliaklqana
 14261 | D:10     | Found a staircase to the Lair.
 14744 | D:10     | Reached skill level 5 in Transmutations
 15329 | D:11     | Found a portal to a secret trove of treasure.
 15366 | D:11     | Learned a level 6 spell: Iron Shot
 15740 | D:11     | Noticed a centaur warrior
 15743 | D:11     | Killed a centaur warrior
 15743 | D:11     | Reached skill level 13 in Earth Magic
 16154 | D:11     | Reached XP level 13. HP: 66/68 MP: 25/25
 16418 | D:11     | Found Laeh's Distillery.
 16718 | D:11     | Reached **** piety under Hepliaklqana
 16766 | Lair:1   | Entered Level 1 of the Lair of Beasts
 18372 | Lair:2   | Found a shimmering altar of Xom.
 18814 | Lair:3   | Reached ***** piety under Hepliaklqana
 18827 | Lair:3   | Reached skill level 10 in Fighting
 19223 | Lair:3   | Got a bloodstained whip
 19274 | Lair:3   | Reached skill level 5 in Dodging
 19274 | Lair:3   | Reached skill level 10 in Conjurations
 20340 | Lair:4   | Found a staircase to the Snake Pit.
 20599 | Lair:4   | Found a staircase to the Shoals.
 21565 | Lair:5   | Reached skill level 1 in Shields
 21621 | Lair:5   | Gained mutation: Your large and strong wings let you fly indefinitely. [Gargoyle growth]
 21621 | Lair:5   | Reached XP level 14. HP: 68/79 MP: 19/26
 22259 | Lair:4   | Reached skill level 5 in Shields
 23036 | Lair:6   | Entered Level 6 of the Lair of Beasts
 23194 | Lair:6   | Found a frozen archway.
 23227 | Lair:6   | Reached skill level 14 in Earth Magic
 23679 | IceCv    | Entered an ice cave
 24496 | IceCv    | Found an ancient bone altar of Kikubaaqudgha.
 24872 | IceCv    | HP: 2/79 [something (18)]
 25325 | IceCv    | Learned a level 4 spell: Throw Icicle
 25875 | Lair:6   | Identified the +6 whip "Gacweomp" {vamp, *Contam *Corrode Str+7 SInv} (You found it on level 3 of the Lair of Beasts)
 26428 | Lair:6   | Found a runed door.
 26428 | Lair:6   | Found a viscous altar of Jiyva.
 26600 | Lair:6   | Found a staircase to the Slime Pits.
 26929 | Lair:6   | Reached skill level 5 in Invocations
 27299 | Lair:6   | Reached XP level 15. HP: 53/84 MP: 21/28
 27607 | Lair:6   | Learned a level 7 spell: Orb of Destruction
 28046 | D:12     | Found Usesuog's Food Boutique.
 28182 | D:12     | Reached skill level 10 in Spellcasting
 28598 | D:12     | Reached skill level 15 in Earth Magic
 28641 | D:12     | Reached skill level 5 in Evocations
 28843 | D:12     | Found a roughly hewn altar of Beogh.
 28849 | D:12     | Found a staircase to the Orcish Mines.
 29193 | Orc:1    | Entered Level 1 of the Orcish Mines
 29196 | Orc:1    | Noticed Trampli's ghost (novice HaHu)
 29272 | Orc:1    | Killed Trampli's ghost
 29438 | Orc:1    | Reached skill level 1 in Ice Magic
 29492 | Orc:2    | Entered Level 2 of the Orcish Mines
 29492 | Orc:2    | Found a staircase to the Elven Halls.
 29862 | Orc:2    | Found a roughly hewn altar of Beogh.
 30020 | Orc:2    | Found Dide's Weapon Shoppe.
 30135 | Orc:2    | Found a roughly hewn altar of Beogh.
 30144 | Orc:2    | Found Lali's Antique Weapon Shop.
 30824 | Orc:2    | Noticed an orc warlord
 30872 | Orc:1    | Killed an orc warlord
 31204 | Orc:2    | Found a roughly hewn altar of Beogh.
 31321 | Orc:2    | Found Ynuteg's Antique Armour Shoppe.
 31433 | Orc:2    | Found a roughly hewn altar of Beogh.
 31440 | Orc:2    | Found Dojag's Antique Weapon Emporium.
 31526 | Orc:2    | Found a roughly hewn altar of Beogh.
 32197 | Orc:2    | Bought a pitted hand axe for 144 gold pieces
 32197 | Orc:2    | Bought a fine rapier for 162 gold pieces
 32203 | Orc:2    | Bought a pitted leather armour for 168 gold pieces
 32216 | Orc:2    | Identified the cursed +1 leather armour of the Bouncing Emperors {rC- Str+4 Dex+6 Slay+2} (You bought it in a shop on level 2 of the Orcish Mines)
 32228 | Orc:2    | Identified the +8 hand axe "Dragonbane" {flame, rF++ Int+3 SInv} (You bought it in a shop on level 2 of the Orcish Mines)
 32229 | Orc:2    | Identified the +4 rapier "Hetwyrr" {elec, rF+} (You bought it in a shop on level 2 of the Orcish Mines)
 32572 | Shoals:1 | Entered Level 1 of the Shoals
 32698 | Shoals:1 | Noticed Donald
 32876 | Lair:4   | Killed Donald
 33609 | Shoals:1 | Noticed Louise
 33799 | Shoals:1 | Killed Louise
 33931 | Shoals:1 | Reached ****** piety under Hepliaklqana
 35190 | Shoals:1 | Reached XP level 16. HP: 52/93 MP: 5/30
 35619 | Shoals:2 | Reached skill level 16 in Earth Magic
 36677 | Shoals:2 | Got a heavily runed lead ring
 36679 | Shoals:2 | Identified the ring "Onathriept" {+Fly rElec Dex+2} (You took it off a merfolk on level 2 of the Shoals)
 36902 | Shoals:2 | Noticed a kraken
 37179 | Shoals:2 | Noticed Polyphemus
 37188 | Shoals:2 | Hit by a large rock thrown by Polyphemus

Skill      XL: |  1  2  3  4  5  6  7  8  9 10 11 12 13 14 15 16 |
---------------+-------------------------------------------------+-----
Earth Magic    | 4 5 6 7 12 13 14 15 16 | 16.7
Dodging        | 2 3 4 5 |  5.6
Armour         | 1 2 3 4 5 6 7 |  7.0
Fighting       | 1 2 3 4 6 7 10 11 13 | 13.0
Conjurations   | 3 4 5 6 8 9 10 11 12 | 12.5
Transmutations | 1 2 3 4 5 6 |  6.5
Evocations     | 1 2 3 4 5 |  5.3
Spellcasting   | 3 4 5 6 8 9 10 | 10.0
Invocations    | 1 3 4 5 6 |  6.0
Shields        | 2 5 6 |  6.1
Ice Magic      | 4 |  4.6
Stealth        | |  2.1
Unarmed Combat | |  0.2

Action                   |  1- 3 |  4- 6 |  7- 9 | 10-12 | 13-15 | 16-18 || total
-------------------------+-------+-------+-------+-------+-------+-------++-------
Melee: Unarmed           |    27 |       |       |       |       |       ||    27
       Dagger            |   236 |   112 |       |       |       |       ||   348
       Morningstar       |       |   104 |   236 |   292 |   563 |    68 ||  1263
       Punch             |       |     1 |       |       |       |       ||     1
       Hand axe          |       |       |       |       |    31 |    23 ||    54
 Cast: Sandblast         |     9 |    48 |     1 |     2 |       |       ||    60
       Stone Arrow       |     3 |     3 |    61 |   116 |   318 |    31 ||   532
       Lee's Rapid Decon |       |       |     1 |    13 |    60 |     8 ||    82
       Petrify           |       |       |       |       |    31 |     5 ||    36
       Iron Shot         |       |       |       |       |    40 |     9 ||    49
       Throw Icicle      |       |       |       |       |     4 |       ||     4
Invok: Recall Ancestor   |       |       |     1 |     2 |     5 |     2 ||    10
       Ancestor Identity |       |       |     1 |       |       |       ||     1
       Ancestor Life: Kn |       |       |       |     1 |       |       ||     1
       Transference      |       |       |       |     1 |       |       ||     1
 Abil: Evoke Blink       |       |       |       |     1 |       |       ||     1
       Fly               |       |       |       |       |     2 |     4 ||     6
       Stop Flying       |       |       |       |       |     2 |     4 ||     6
Evoke: Wand              |       |       |       |       |     4 |       ||     4
  Use: Scroll            |       |     1 |     6 |    11 |    19 |     2 ||    39
       Potion            |       |       |     2 |     8 |     4 |     2 ||    16
 Stab: Sleeping          |     1 |     3 |     1 |     5 |     4 |     1 ||    15
       Distracted        |       |       |     2 |       |     6 |     1 ||     9
       Petrified         |       |       |       |       |    28 |       ||    28
  Eat: Chunk             |     7 |     8 |    17 |    22 |    71 |    11 ||   136
       Bread ration      |       |       |     2 |     2 |       |     1 ||     5
       Meat ration       |       |       |       |     1 |       |       ||     1
       Fruit             |       |       |       |     1 |    16 |       ||    17
Armor: Robe              |    88 |    34 |       |       |       |       ||   122
       Leather armour    |       |    55 |    36 |       |       |       ||    91
       Ring mail         |       |       |   103 |   220 |   631 |   136 ||  1090
       Skin              |       |       |     2 |       |     1 |       ||     3
       Fire dragon scale |       |       |       |       |     2 |       ||     2
Dodge: Dodged            |   171 |   141 |   224 |   388 |   645 |    88 ||  1657
Block: Buckler           |       |       |       |       |   110 |       ||   110
       Shield            |       |       |       |       |    34 |   111 ||   145
       Reflection        |       |       |       |       |     5 |     5 ||    10
